 Dungeon Crawl Stone Soup version 0.30.1-11-g7821555f0a (webtiles) character file.

Game seed: 14151937841067203699

59 zraidn the Changer (level 4, 0/48 HPs)
             Began as a Merfolk Transmuter on Nov 25, 2023.
             Slain by a gnoll
             ... wielding a +0 spear
              (5 damage)
             ... on level 3 of the Dungeon.
             The game lasted 00:02:20 (1793 turns).

zraidn the Changer (Merfolk Transmuter)             Turns: 1793, Time: 00:02:20

Health: 0/48       AC: 22    Str: 10    XL:     4   Next: 3%
Magic:  4/7        EV:  2    Int: 14    God:
Gold:   212        SH:  0    Dex: 14    Spells: 4/7 levels left

rFire   + .          .
                       - Unarmed
rCold   + . .        (no shield)
rNeg    . . .        a - melded +0 robe
rPois   +            (helmet currently unavailable)
rElec   +            (cloak currently unavailable)
rCorr   +            (gloves currently unavailable)
SInv    .            (boots currently unavailable)
Will    .....        (no amulet)
Stlth   +            (no ring)
HPRegen 0.28/turn    (no ring)
MPRegen 0.10/turn

%: no passive effects
@: tree-form, resistant, wereblooded, held, hasted, very quick
A: stationary, stasis, torment immunity, boosted hp, (nimble swimmer 2),
(mertail)
a: no special abilities


You were on level 3 of the Dungeon.
You were a tree.
You visited 1 branch of the dungeon, and saw 3 of its levels.

You collected 212 gold pieces.

Inventory:

Armour
 a - a +0 robe (melded)
Scrolls
 c - 2 scrolls of magic mapping
 d - a scroll of immolation {unknown}
 g - a scroll of brand weapon {unknown}
 h - a scroll of poison {unknown}
Potions
 i - a potion of might {unknown}
 j - a potion of berserk rage {unknown}


   Skills:
 - Level 1.1 Fighting
 - Level 2.6 Dodging
 - Level 3.2 Unarmed Combat
 - Level 2.0 Spellcasting
 + Level 5.6 Transmutations


You had 4 spell levels left.
You knew the following spells:

 Your Spells              Type           Power      Damage    Failure   Level
a - Beastly Appendage     Tmut           34%        N/A       2%          1
b - Wereblood             Tmut           17%        N/A       3%          2

Your spell library contained the following spells:

 Spells                   Type           Power      Damage    Failure   Level
 Spider Form              Tmut/Pois      9%         N/A       22%         3
 Ice Form                 Ice/Tmut       9%         N/A       58%         4


Dungeon Overview and Level Annotations

Branches:
Dungeon (3/15)

Altars:


Innate Abilities, Weirdness & Mutations

You are a tree.
Your roots penetrate the ground, keeping you stationary.
You cannot be teleported.
You are immune to unholy pain and torment.
Your maximum health is greatly increased.
Your equipment is partially melded.
((You are very nimble when in or above water. (Stealth+, EV+, Speed+++)))
((Your lower body shifts to a powerful aquatic tail in water.))


Message History

The gnoll is moderately wounded.
The gnoll closely misses you. The gnoll barely misses you.
The gnoll hits you with a +0 spear!
You hit the gnoll but do no damage. You headbutt the gnoll.
The gnoll is severely wounded.
The gnoll hits you with a +0 spear.
* * * LOW HITPOINT WARNING * * *
The gnoll barely misses you.
The gnoll hits you from afar with a +0 spear.
* * * LOW HITPOINT WARNING * * *
Really quaff the potion of lignification?
Your horns disappear.
You turn into a tree.
Your +0 robe melds into your body.
Your roots penetrate the ground.
The gnoll hits you but does no damage. x3
You barely miss the gnoll.
The gnoll is severely wounded.
The gnoll hits you but does no damage. The gnoll completely misses you.
The gnoll hits you but does no damage.
You smack the gnoll!
You feel a bit better.
You kill the gnoll!
The gnoll hits you from afar with a +0 spear.
* * * LOW HITPOINT WARNING * * *
The gnoll barely misses you.
You have reached level 4!
You hit the endoplasm.
You feel a bit better.
You kill the endoplasm!
The gnoll hits you but does no damage. x2
You aren't carrying any items that you can evoke.
There are monsters nearby!
Unknown command.
You aren't carrying any items that you can evoke.
Okay, then.
It was a potion of resistance.
You feel protected.
The gnoll throws a throwing net.
The throwing net hits you.
You become entangled in the net!
The gnoll hits you but does no damage.
It was a potion of haste.
You feel yourself speed up. The gnoll hits you but does no damage.
The gnoll hits you from afar with a +0 spear.
You die...

*,**,,,,,,* *,,,,,,,*
*,*#......# *,,,,**,**
*,*#......# *,,,,**,,*
*,*#.....?##**,,,,***,**
*,**.......,,,,,,,* *,,*
*,,,,.....****,,,** **,*
****,,.gg,* *,,,,* *,,
***#)#,* *,,,,* ***
#♣#,* *,**,* #.#,*
*,**,* #.#,* *,**,*
****** #.#,* *,**,*
*,,,,* #.#,* *,**,*
*,**,* #.#,* *,**,*
*,**,* #.#,* *,**,*
*,**,* #.#,* *,**,*
*,**,* #.#,*
*,**,*******


You could see 2 gnolls.

Vanquished Creatures
  An adder (D:2)
  2 gnolls (D:3)
  A worm (D:2)
  A bat (D:2)
  3 endoplasms
  A giant cockroach (D:2)
  3 goblins
  A hobgoblin (D:1)
  4 jackals (D:1)
  4 kobolds (D:2)
  A frilled lizard (D:1)
  2 rats
24 creatures vanquished.

Notes
Turn   | Place    | Note
-------+----------+-------------------------------------------
     0 | D:1      | zraidn the Merfolk Transmuter began the quest for the Orb.
     0 | D:1      | Reached XP level 1. HP: 15/15 MP: 3/3
   140 | D:1      | Reached skill level 3 in Transmutations
   201 | D:1      | Found a faded altar of an unknown god.
   241 | D:1      | Reached XP level 2. HP: 12/21 MP: 3/5
   296 | D:1      | Learned a level 2 spell: Wereblood
   594 | D:1      | Reached skill level 4 in Transmutations
  1401 | D:2      | Reached XP level 3. HP: 14/26 MP: 4/6
  1501 | D:2      | Reached skill level 5 in Transmutations
  1787 | D:3      | HP: 1/26 [gnoll/+0 spear (6)]
  1791 | D:3      | Reached XP level 4. HP: 1/32 MP: 4/7
  1793 | D:3      | Slain by a gnoll

Illustrated notes

Levels and vault maps discovered:
D:1:      dpeg_arrival_another_circle, layout_loops_ring,
          ebering_ecumenical_altar_petrified, dreamdust_wishing_well
D:2:      layout_loops_corners
D:3:      layout_basic, serial_shops, nicolae_shop_tiny_waterfront,
          cheibrodos_sewer_entry_drain

Skill      XL: |  1  2  3 |
---------------+----------+-----
Transmutations | 3 4 5 |  5.6
Fighting       | |  1.1
Dodging        | |  2.6
Unarmed Combat | |  3.2
Spellcasting   | |  2.0

Action                     |  1- 3 |  4- 6 || total
---------------------------+-------+-------++-------
  Melee: Unarmed           |    74 |     1 ||    75
         Headbutt          |     9 |       ||     9
         Punch             |     1 |       ||     1
   Cast: Beastly Appendage |    17 |       ||    17
         Wereblood         |     1 |       ||     1
    Use: Potion            |     2 |     2 ||     4
         Scroll            |     1 |       ||     1
 Armour: Robe              |     6 |       ||     6
         Skin              |     5 |     4 ||     9
  Dodge: Dodged            |    40 |       ||    40
